 Dungeon Crawl Stone Soup version 0.24.0-123-gd5b16e6ec5 (webtiles) character file.

Game seed: 5684427357993282880, levelgen mode: deterministic

1679 Kobolds4U the Grappler (level 8, -3/81 HPs)
             Began as a Troll Monk on Dec 22, 2019.
             Was a Priest of Dithmenos.
             Slain by Harold
             ... wielding a +0 morningstar
              (18 damage)
             ... on level 7 of the Dungeon.
             The game lasted 00:11:00 (5757 turns).

Kobolds4U the Grappler (Troll Monk)                 Turns: 5757, Time: 00:11:00

Health: -3/81      AC:  8    Str: 20    XL:     8   Next: 70%
Magic:  9/9        EV:  6    Int: 10    God:    Dithmenos [***...]
Gold:   158        SH:  0    Dex: 14    Spells: 7/7 levels left

rFire    + . .     SeeInvis .     - Unarmed
rCold    . . .     Gourm    +   (no shield)
rNeg     + . .     Faith    .   z - +1 robe of the Moon {rN+ Int+4}
rPois    .         Spirit   .   (helmet restricted)
rElec    .         Reflect  +   F - +0 cloak
rCorr    +         Harm     .   (gloves unavailable)
MR       .....                  (boots unavailable)
Stlth    ++........             j - +5 amulet of reflection
HPRegen  0.63/turn              d - ring of resist corrosion
MPRegen  0.11/turn              l - ring of protection from fire

@: held, wreathed by umbra
A: large, unfitting armour, claws 3, fast metabolism 3, gourmand, regeneration
1, shaggy fur 1, tough skin 3
a: Shadow Step, Renounce Religion


You were on level 7 of the Dungeon.
You worshipped Dithmenos.
Dithmenos was most pleased with you.
You were completely stuffed.

You visited 1 branch of the dungeon, and saw 7 of its levels.

You collected 307 gold pieces.
You spent 149 gold pieces at shops.

Inventory:

Missiles
 t - 3 boomerangs (quivered)
Armour
 a - a +0 robe
 z - the +1 robe of the Moon (worn) {rN+ Int+4}
   (You found it on level 6 of the Dungeon)

   It affects your intelligence (+4).
   It protects you from negative energy.
 F - a +0 cloak (worn)
Jewellery
 d - a ring of resist corrosion (left claw)
 i - a +2 ring of strength {unknown}
 j - a +5 amulet of reflection (around neck)
 l - a ring of protection from fire (right claw)
Wands
 v - a wand of digging (3)
 y - a wand of paralysis (16)
 B - a wand of flame (22)
Scrolls
 c - a scroll of enchant weapon
 e - 8 scrolls of teleportation
 q - 2 scrolls of enchant armour {unknown}
 s - a scroll of amnesia {unknown}
 u - 2 scrolls of immolation {unknown}
 w - 2 scrolls of fear {unknown}
 C - a scroll of identify
 D - a scroll of remove curse {unknown}
 E - a scroll of summoning {unknown}
Potions
 f - a potion of degeneration {unknown}
 g - a potion of ambrosia {unknown}
 h - a potion of heal wounds {unknown}
 k - 7 potions of brilliance
 m - 4 potions of curing
 n - 2 potions of lignification
 o - a potion of resistance {unknown}
 p - a potion of mutation {unknown}
 r - a potion of invisibility {unknown}
 x - a potion of haste {unknown}
 A - a potion of cancellation {unknown}
Comestibles
 b - 19 rations
 G - 3 chunks of flesh


   Skills:
 + Level 5.5 Fighting
 + Level 3.5 Dodging
 - Level 1.0 Stealth
 + Level 8.6 Unarmed Combat
 - Level 3.0 Invocations


You had 7 spell levels left.
You didn't know any spells.
Your spell library contained the following spells:

 Spells                   Type           Power        Failure   Level  Hunger
 Confusing Touch          Hex            #.....       36%         1    ##.....
 Confuse                  Hex            #.......     75%         3    ####...
 Gell's Gravitas          Tloc           #.........   75%         3    ####...
 Petrify                  Tmut/Erth      #.......     98%         4    #####..
 Metabolic Englaciation   Hex/Ice        #.........   100%        5    ######.
 Yara's Violent Unravell  Hex/Tmut       #.........   100%        5    ######.


Dungeon Overview and Level Annotations

Branches:
Dungeon (7/15)             Temple (0/1) D:4

Altars:
Dithmenos
Hepliaklqana
Kikubaaqudgha
Makhleb
Nemelex Xobeh
Sif Muna
Trog
Xom

Shops:
D:5 *

Annotations:
D:4 3 runed translucent doors, Crazy Yiuf; havocjr3's ghost, amateur GnGl
D:7 exclusion: centaur, Dowan; Duvessa; Harold


Innate Abilities, Weirdness & Mutations

You are too large for most types of armour.
You have claws for hands.
Your metabolism is lightning-fast.
You like to eat raw meat.
Your natural rate of healing is unusually fast.
You are covered in fur. (AC +1)
You have extremely tough skin. (AC +3)


Message History

The wyvern skeleton bites you! You block Harold's attack.
The wyvern skeleton bites you!
You are too injured to fight recklessly!
Harold throws a throwing net.
The throwing net hits you.
You become entangled in the net!
There is an escape hatch in the ceiling here.
You see here a throwing net.
You can't do that while held in a net.
Unknown command.
You struggle against the net.
The wyvern skeleton bites you but does no damage.
You struggle against the net.
The wyvern skeleton bites you but does no damage.
Harold hits you with a +0 morningstar!!
* * * LOW HITPOINT WARNING * * *
The wyvern skeleton bites you but does no damage.
You feel better. The wyvern skeleton bites you.
* * * LOW HITPOINT WARNING * * *
Harold hits you with a +0 morningstar!!
You die...

#... ##...##.#.###.
####...####.##.#......
.........##.##....####
#..........#.###.##
#.......###.###...###
#..>.....## #......
#.....###.###...###
##.#.## ##.###.###.
######@#)# ##.#......
.......@Z.# ##.###.##
#######.### #.# #.#
#(# #.. ..# #.#
#####.# #.. #.# ###
#.. ...


You could see Harold and a wyvern skeleton.

Vanquished Creatures
  Grinder (D:5)
  An ice beast (D:6)
  An orc warrior (D:6)
  4 ogres
  A bullfrog (D:6)
  4 howler monkeys
  2 crimson imps
  A hound (D:4)
  A jelly (D:6)
  A centaur skeleton (D:5)
  3 orc priests
  A bullfrog skeleton (D:3)
  An iguana (D:5)
  3 orc wizards
  8 worker ants
  A worker ant zombie (D:5)
  4 adders
  A shadow imp (D:6)
  2 oozes
  An adder zombie (D:5)
  4 worms
  A dart slug (D:2)
  6 leopard geckos
  14 orcs
  7 giant cockroaches
  3 goblins (D:2)
  2 hobgoblins
  13 jackals
  3 kobolds
  3 quokkas
  4 bats
  7 frilled lizards
  5 rats
114 creatures vanquished.

Vanquished Creatures (others)
  A plant (D:5)
1 creature vanquished.

Grand Total: 115 creatures vanquished

Notes
Turn   | Place    | Note
-------+----------+-------------------------------------------
     0 | D:1      | Kobolds4U the Troll Monk began the quest for the Orb.
     0 | D:1      | Reached XP level 1. HP: 22/22 MP: 0/0
   373 | D:1      | Reached XP level 2. HP: 29/29 MP: 1/1
   587 | D:2      | Reached skill level 4 in Unarmed Combat
   644 | D:2      | Reached XP level 3. HP: 30/36 MP: 2/2
   689 | D:2      | Found a bloodstained altar of Trog.
   784 | D:2      | Found a hazy altar of Hepliaklqana.
  1290 | D:3      | Reached skill level 5 in Unarmed Combat
  1290 | D:3      | Reached XP level 4. HP: 37/44 MP: 3/3
  1648 | D:3      | Reached XP level 5. HP: 23/50 MP: 4/4
  1783 | D:3      | Reached skill level 6 in Unarmed Combat
  1929 | D:3      | Found a shadowy altar of Dithmenos.
  1930 | D:3      | Found a shimmering blue altar of Sif Muna.
  1939 | D:3      | Became a worshipper of Dithmenos the Shadowed
  1939 | D:3      | Reached * piety under Dithmenos
  1939 | D:3      | Reached ** piety under Dithmenos
  2199 | D:3      | Found a sparkling altar of Nemelex Xobeh.
  2282 | D:4      | Found a shimmering altar of Xom.
  2361 | D:4      | Found a staircase to the Ecumenical Temple.
  2439 | D:4      | Reached XP level 6. HP: 45/61 MP: 5/5
  2766 | D:4      | Found an ancient bone altar of Kikubaaqudgha.
  2800 | D:4      | Found a runed translucent gate.
  2800 | D:4      | Found a runed translucent gate.
  2800 | D:4      | Found a runed translucent gate.
  2805 | D:4      | Noticed havocjr3's ghost (amateur GnGl)
  2984 | D:4      | Found a burning altar of Makhleb.
  3020 | D:4      | Found a runed translucent door.
  3021 | D:4      | Noticed Crazy Yiuf
  3431 | D:5      | Entered Level 5 of the Dungeon
  3524 | D:5      | Reached skill level 7 in Unarmed Combat
  3714 | D:5      | Reached XP level 7. HP: 68/68 MP: 6/6
  3730 | D:5      | Found Vish's Assorted Antiques.
  3751 | D:5      | Bought a scroll labeled NITANO YWIAC for 32 gold pieces
  3751 | D:5      | Bought 2 murky blue potions for 57 gold pieces
  3751 | D:5      | Bought a scroll labeled DYR AQUHUVIR for 32 gold pieces
  3751 | D:5      | Bought a white potion for 28 gold pieces
  4141 | D:5      | Noticed Grinder
  4165 | D:5      | Paralysed by Grinder for 4 turns
  4171 | D:5      | Killed Grinder
  4341 | D:5      | Found a hazy altar of Hepliaklqana.
  4597 | D:6      | Got a twisted robe
  4608 | D:6      | Identified the +1 robe of the Moon {rN+ Int+4} (You found
                  | it on level 6 of the Dungeon)
  4670 | D:6      | Reached skill level 8 in Unarmed Combat
  4886 | D:6      | Reached skill level 5 in Fighting
  4886 | D:6      | Reached XP level 8. HP: 80/80 MP: 7/7
  5027 | D:6      | Reached skill level 1 in Invocations
  5252 | D:6      | Reached *** piety under Dithmenos
  5726 | D:7      | Noticed Dowan
  5727 | D:7      | Noticed Duvessa
  5746 | D:7      | Noticed Harold
  5757 | D:7      | Slain by Harold

Levels and vault maps discovered:
D:1:      matt_arrival_grand_opening, layout_rooms, minmay_misc_feat_chi
D:2:      layout_loops_ring, nicolae_overflow_crystal_walls, marbit_many_paths,
          first_ration
D:3:      layout_basic, nicolae_overflow_hidden_temple,
          gammafunk_temple_overflow_statue
D:4:      layout_loops_ring, kennysheep_mini_moat, lemuel_round_altar,
          kennysheep_little_box, minmay_temple_entry_glassed_door,
          gammafunk_ghost_necromancy, dk_noncrumbling_3, dk_vineyard_3,
          uniq_crazy_yiuf_cottage
D:5:      layout_layer_cave, basic_altar, serial_shops, shop,
          minmay_lizard_king, uniq_grinder
D:6:      minmay_cornered_nines, layout_basic
D:7:      layout_loops_ring, vehumet_altar_wand_db, tso_oasis_becter,
          lemuel_round_altar, gammafunk_ghost_wrathful_warriors, uniq_harold,
          uniq_prince_ribbit1, uniq_duvessa

Skill      XL: |  1  2  3  4  5  6  7  8 |
---------------+-------------------------+-----
Unarmed Combat | 4 5 6 7 8 |  8.6
Fighting       | 3 5 |  5.5
Invocations    | 3 |  3.0
Dodging        | 3 |  3.5
Stealth        | |  1.0

Action                   |  1- 3 |  4- 6 |  7- 9 || total
-------------------------+-------+-------+-------++-------
Melee: Unarmed           |    70 |   115 |   137 ||   322
       Punch             |     1 |     1 |     7 ||     9
  Use: Scroll            |       |     2 |     5 ||     7
       Potion            |       |       |     1 ||     1
 Stab: Sleeping          |     3 |     2 |     2 ||     7
  Eat: Chunk             |    10 |    23 |    25 ||    58
Armor: Robe              |    15 |    20 |    27 ||    62
Dodge: Dodged            |    25 |    43 |    44 ||   112
Block: Other             |     9 |    21 |    11 ||    41
       Reflection        |       |     2 |     1 ||     3
